 Dungeon Crawl Stone Soup version 0.32-a0-918-g0f22ef8d61 (webtiles) character file.

Game seed: 12769564027588448229

247 clenchingflame the Cudgeller (level 5, 0/45 HPs)
             Began as a Mountain Dwarf Fighter on Apr 11, 2024.
             Slain by an ogre
             ... wielding a +0 giant spiked club
              (15 damage)
             ... on level 4 of the Dungeon.
             The game lasted 00:09:23 (3110 turns).

clenchingflame the Cudgeller (MDFi)                 Turns: 3110, Time: 00:09:24

Health: 0/45       AC: 13    Str: 20    XL:     5   Next: 85%
Magic:  5/5        EV:  4    Int:  9    God:
Gold:   132        SH:  4    Dex:  9    Spells: 4/4 levels left

rFire   . . .        g - +2 whip (elec)
rCold   . . .        c - +0 buckler
rNeg    . . .        e - +0 plate armour
rPois   .            (no helmet)
rElec   .            (no cloak)
rCorr   +            y - +0 pair of gloves
SInv    .            (no boots)
Will    .....        (no amulet) Stlth
                     o - ring of resist corrosion
HPRegen 0.27/turn    (no ring)
MPRegen 0.09/turn

%: no passive effects
@: no status effects
A: runic magic, artefact enchanting
a: no special abilities


You were on level 4 of the Dungeon.
You visited 1 branch of the dungeon, and saw 5 of its levels.

You collected 132 gold pieces.

Inventory:

Hand Weapons
 a - a +0 flail
 g - a +2 whip of electrocution (weapon)
 m - a +2 whip of holy wrath
Missiles
 i - 67 stones (quivered)
 n - 6 boomerangs
 s - 4 curare-tipped darts
 t - 14 poisoned darts
Armour
 c - a +0 buckler (worn)
 e - a +0 plate armour (worn)
 y - a +0 pair of gloves (worn)
Jewellery
 j - a +6 ring of intelligence
 o - a ring of resist corrosion (left hand)
Wands
 x - a wand of flame (11)
Scrolls
 f - 3 scrolls of identify {unknown}
 h - a scroll of poison {unknown}
 k - a scroll of immolation {unknown}
 l - a scroll of brand weapon {unknown}
 p - 2 scrolls of fear {unknown}
 q - a scroll of fog {unknown}
 v - a scroll of vulnerability {unknown}
Potions
 d - a potion of might
 r - a potion of mutation {unknown}
 u - a potion of degeneration {unknown}
 w - a potion of haste {unknown}
 z - a potion of enlightenment {unknown}


   Skills:
 - Level 3.2 Fighting
 * Level 6.3 Maces & Flails
 + Level 4.9 Armour
 - Level 3.2 Shields


You had 4 spell levels left.
You didn't know any spells.
Your spell library contained the following spells:

 Spells                   Type           Power      Damage    Failure   Level
 Magic Dart               Conj           0%         1d3       75%         1
 Blink                    Tloc           0%         N/A       86%         2
 Call Imp                 Summ           0%         N/A       86%         2
 Cigotuvi's Dreadful Rot  Necr/Alch/Air  0%         N/A       86%         2
 Ignite Poison            Fire/Alch      0%         N/A       100%        4
 Freezing Cloud           Conj/Ice/Air   0%         6-21      100%        5


Dungeon Overview and Level Annotations

Branches:
Dungeon (5/15)
 Temple: D:4-7

Altars:
Vehumet


Innate Abilities, Weirdness & Mutations

Your spellcasting is much less encumbered by armour.
You can use scrolls of enchantment on lesser artefacts.


Message History

You see here an adder corpse.
You see here an adder corpse.
Found a club.
Done exploring.
Done exploring.
There is an open door here.
There is a stone staircase leading down here.
You climb downwards.
The hound barks!
There is a stone staircase leading up here.
You hit the hound.
The hound is lightly wounded.
An adder comes into view.
You block the hound's attack.
You closely miss the hound.
The hound is lightly wounded.
The adder hisses angrily.
The hound barely misses you.
A phantom comes into view.
The hound bites you but does no damage.
You hit the hound.
The hound is lightly wounded.
A sleepcap comes into view.
The hound bites you but does no damage. The hound bites you.
You climb upwards.
There is a stone staircase leading down here.
You hit the hound. Lightning courses through the hound!!
You kill the hound!
There is an open door here.
There is an open door here.
There is a stone staircase leading up here.
You climb upwards.
The ogre hits you with a +0 giant spiked club!!
There is a stone staircase leading down, spattered with blood here.
The ogre hits you with a +0 giant spiked club!
You climb downwards.
There is a stone staircase leading up here.
The ogre hits you with a +0 giant spiked club!
You die...

.........#######.##......# ##
######.#.........##......#####
#. ###.#.#######...###.......#
#. #.......#.....#.# #.......#
#.
#.#.#.#.#.#####.###.......####
#.#.#.#.#.#.......))......+...
#.#.#)#.#.#.###.###.......####
#.#.#.#.#.#.###.# #######.....
#.#.#.#.#.#.#@#.# #......#
#.#.#.#.#.#.#O#.# ####......#
#.#.#...#.#.#.#.# #.........#
#.#.#####.#.#.#.# #....#....#
#.#.......#.#.#.# #....####.#
####.#########.#.#.# #....#
#.# .^...# #.#.#.# ###### #.#
###### #.#.#.# #.# #.#.#.# #.#


You could see an ogre.

Vanquished Creatures
  A bombardier beetle (D:3)
  A hound (D:4)
  An iguana (D:4)
  4 gnolls (D:4)
  3 adders
  2 ribbon worms (D:3)
  8 orcs
  7 ball pythons
  6 endoplasms
  4 giant cockroaches
  6 goblins
  9 hobgoblins
  2 jackals (D:1)
  4 quokkas
  5 bats
  5 frilled lizards
  9 kobolds
  3 rats
80 creatures vanquished.

Notes
Turn   | Place    | Note
-------+----------+-------------------------------------------
     0 | D:1      | clenchingflame the Mountain Dwarf Fighter began the quest
                  | for the Orb.
     0 | D:1      | Reached XP level 1. HP: 19/19 MP: 1/1
   124 | D:1      | Reached skill level 3 in Maces & Flails
   242 | D:1      | Reached XP level 2. HP: 26/26 MP: 2/2
   672 | D:2      | Reached XP level 3. HP: 31/31 MP: 3/3
   882 | D:2      | Reached skill level 4 in Maces & Flails
  1293 | D:2      | Reached XP level 4. HP: 38/38 MP: 4/4
  1321 | D:3      | Found a radiant altar of Vehumet.
  1343 | D:3      | Reached skill level 5 in Maces & Flails
  1794 | D:3      | Noticed an ogre
  2015 | D:4      | Reached XP level 5. HP: 45/45 MP: 5/5
  2729 | D:4      | Reached skill level 6 in Maces & Flails
  3048 | D:5      | Entered Level 5 of the Dungeon
  3053 | D:5      | Noticed a phantom
  3110 | D:4      | Slain by an ogre

Illustrated notes

Levels and vault maps discovered:
D:1:      lightli_arrival_chessboard, layout_basic
D:2:      layout_loops_ring, grunt_ministairs_1
D:3:      layout_basic, vehumet_crystals, uniq_robin
D:4:      layout_basic
D:5:      layout_cave_pools, serial_gnoll_camp, gnoll_camp_mini_basic,
          gnoll_camp_mini_hut, gnoll_camp_mini_hut, gnoll_camp_mini_hut,
          doesnt_shop_hydraphobe, uniq_duvessa, uniq_grinder

Skill      XL: |  1  2  3  4  5 |
---------------+----------------+-----
Maces & Flails | 3 4 5 6 |  6.3
Armour         | 4 |  4.9
Fighting       | |  3.2
Shields        | |  3.2

Action                     |  1- 3 |  4- 6 || total
---------------------------+-------+-------++-------
  Melee: Whip              |   135 |   112 ||   247
    Use: Potion            |       |     2 ||     2
 Armour: Scale mail        |    83 |    43 ||   126
         Plate armour      |       |    16 ||    16
  Dodge: Dodged            |    55 |    35 ||    90
  Block: Buckler           |    22 |    12 ||    34

Table legend: (Time is in decaauts)
 A = Elapsed time spent in this place.
 B = Non-inter-level travel time spent in this place.
 C = Inter-level travel time spent in this place.
 D = Time resting spent in this place.
 E = Time spent auto-exploring this place.
 F = Levels seen in this place.
 G = Mean time per level.
                   A        B        C        D        E       F      G
               +--------+--------+--------+--------+--------+-----+--------+
         Total |   3088 |   2960 |    128 |    205 |   1912 |   5 |  617.6 |
       Dungeon |   3088 |   2960 |    128 |    205 |   1912 |   5 |  617.6 |
               +--------+--------+--------+--------+--------+-----+--------+

Top non-repeatable levels by time:
     D:4: 1130 daAuts
     D:1: 665 daAuts
     D:2: 648 daAuts
     D:3: 636 daAuts
     D:5: 7 daAuts
